 Dungeon Crawl Stone Soup version 0.26.1-2-gb8aa6d0cf2 (console) character file.

Game seed: 13060581354653800297

3735 om the Grappler (level 10, -1/78 HPs)
             Began as a Ghoul Gladiator on Feb 23, 2021.
             Slain by an orc warrior
             ... wielding a +2 short sword of electrocution
              (10 damage)
             ... on level 7 of the Dungeon.
             The game lasted 00:16:29 (7879 turns).

om the Grappler (Ghoul Gladiator)                   Turns: 7879, Time: 00:16:29

Health: -1/78      AC:  9    Str: 26    XL:     10   Next: 15%
Magic:  9/9        EV: 15    Int: 10    God:
Gold:   428        SH:  0    Dex: 11    Spells: 9/9 levels left

rFire    . . .     SeeInvis .     - Unarmed
rCold    + . .     Faith    .   (no shield)
rNeg     + + +     Spirit   .   a - +0 steam dragon scales
rPois    ∞         Reflect  .   y - +2 helmet
rElec    .         Harm     .   (no cloak)
rCorr    .         Rampage  .   (no gloves)
Will     .....                  (no boots)
Stlth    +.........             (no amulet)
HPRegen  0.00/turn              d - +6 ring of strength
MPRegen  0.11/turn              j - +6 ring of intelligence

@: no status effects
A: claws 1, cold resistance 1, negative energy resistance 3, inhibited
regeneration, torment resistance, unbreathing
a: no special abilities


You were on level 7 of the Dungeon.
You visited 2 branches of the dungeon, and saw 10 of its levels.
You also visited: Ossuary.

You collected 428 gold pieces.

Inventory:

Missiles
 c - a throwing net
 g - 3 atropa-tipped darts
 v - 9 boomerangs (quivered)
 w - 11 poisoned darts
Armour
 a - +0 steam dragon scales (worn)
 y - a +2 helmet (worn)
Jewellery
 d - a +6 ring of strength (left claw)
 j - a +6 ring of intelligence (right claw)
 l - an uncursed ring of flight
Wands
 b - a wand of acid (11)
 n - a wand of digging (4)
 q - a wand of flame (24)
Scrolls
 e - a scroll of fear
 k - a scroll of enchant armour
 m - 2 scrolls of teleportation
 p - 2 scrolls of immolation
 r - a scroll of blinking {unknown}
 s - a scroll of magic mapping
 t - 4 scrolls of remove curse
 u - a scroll of enchant weapon {unknown}
 x - 2 scrolls of amnesia {unknown}
 C - a scroll of identify
Potions
 f - a potion of heal wounds
 h - a potion of invisibility {unknown}
 i - 5 potions of flight
 o - 11 potions of curing
 z - 2 potions of brilliance {unknown}
 A - a potion of ambrosia {unknown}
 B - a potion of cancellation {unknown}
 D - a potion of magic {unknown}


   Skills:
 - Level 4.0 Fighting
 - Level 5.0 Throwing
 - Level 5.0 Armour
 * Level 7.4 Dodging
 * Level 8.2 Unarmed Combat
 - Level 5.0 Evocations


You had 9 spell levels left.
You didn't know any spells.
Your spell library contained the following spells:

 Spells                   Type           Power        Failure   Level
 Animate Skeleton         Necr           0%           36%         1
 Apportation              Tloc           0%           36%         1
 Corona                   Hex            0%           36%         1
 Summon Small Mammal      Summ           0%           36%         1


Dungeon Overview and Level Annotations

Branches:
Dungeon (9/15)               Lair (1/6) D:8         Ossuary (visited)
 Temple: D:4-7          Orc: D:9-12

Altars:
Ashenzari
Cheibriados
Elyvilon
Makhleb
Qazlal
Sif Muna

Shops:
D:6 [   D:7 *


Innate Abilities, Weirdness & Mutations

You thrive by killing the living.
You are immune to poison.
You have sharp fingernails.
Your flesh is cold resistant. (rC+)
You are immune to negative energy. (rN+++)
You do not regenerate when monsters are visible.
You are immune to unholy pain and torment.
You can survive without breathing.


Message History

You are electrocuted!
* * * LOW HITPOINT WARNING * * *
You closely miss the orc warrior.
You claw the orc warrior, but do no damage.
The orc warrior is moderately wounded.
The orc wizard closely misses you. The orc wizard completely misses you.
The orc hits you with a +0 dagger.
* * * LOW HITPOINT WARNING * * *
The orc warrior hits you with a +2 short sword of electrocution!
* * * LOW HITPOINT WARNING * * *
You claw the orc warrior!
The orc warrior is almost dead.
The orc wizard hits you but does no damage.
You scratch the orc warrior but do no damage.
The orc warrior is almost dead.
The orc wizard hits you but does no damage.
The orc misses you.
The orc warrior drinks a potion.
The orc warrior is healed!
The orc wizard hits you but does no damage.
The orc warrior hits you but does no damage.
You are electrocuted!
You die...

.###+###'######.#..#..#>.#..
#..## #.##.##§§).(≈# #...#
#..#..##..§.## #...#
##.##..######. #..##
#..##()......
#'#########).##.8..8.#
#.........#.).########
#.........##..........
#..........#..........
#.##..##..###.........
####o@# .# ##........
......oo.).....#########
...............
...............
...............
...............
##..##'###..### #.. #. ..#
#...


You could see an orc warrior, an orc wizard (fast) and an orc.

Vanquished Creatures
  A two-headed ogre (D:8)
  Pikel (D:5)
  Maggie (D:6)
  Prince Ribbit (D:5)
  A yak (D:8)
  2 black bears
  An orc warrior (D:8)
  A centaur (D:8)
  4 bullfrogs
  3 scorpions
  7 wights
  2 jellies
  A centaur zombie (D:6)
  A quasit (D:8)
  5 hounds
  An orc priest (D:6)
  2 bullfrog skeletons (D:6)
  An iguana (D:5)
  A centaur skeleton (D:6)
  3 orc wizards
  3 worker ants
  2 big kobold zombies (Ossuary)
  6 mummies (Ossuary)
  5 gnolls
  3 howler monkey skeletons
  7 adders
  4 white imps
  2 ufetubi
  2 adder zombies
  An adder skeleton (D:5)
  A worm (D:4)
  3 dart slugs
  3 leopard geckos
  20 orcs
  6 bats
  5 giant cockroaches
  A goblin (D:2)
  2 hobgoblins
  9 jackals (D:6)
  7 kobolds
  4 quokkas
  3 ball pythons
  4 frilled lizards
  A goblin zombie (Ossuary)
  3 hobgoblin zombies (Ossuary)
  A jackal skeleton (D:4)
  A kobold zombie (Ossuary)
  An orc zombie (Ossuary)
  5 rats
155 creatures vanquished.

Vanquished Creatures (others)
  A goblin (D:2)
1 creature vanquished.

Grand Total: 156 creatures vanquished

Notes
Turn   | Place    | Note
-------+----------+-------------------------------------------
     0 | D:1      | om the Ghoul Gladiator began the quest for the Orb.
     0 | D:1      | Reached XP level 1. HP: 17/17 MP: 0/0
   267 | D:1      | Reached XP level 2. HP: 25/25 MP: 1/1
  1102 | D:2      | Reached XP level 3. HP: 30/30 MP: 2/2
  1126 | D:2      | Reached skill level 1 in Armour
  1432 | D:2      | Found a white marble altar of Elyvilon.
  1445 | D:2      | Reached XP level 4. HP: 37/37 MP: 3/3
  2095 | D:3      | You fall into a shaft and drop 1 floor!
  2590 | D:4      | Reached XP level 5. HP: 38/44 MP: 4/4
  2603 | D:4      | Reached skill level 4 in Unarmed Combat
  2742 | D:4      | Reached XP level 6. HP: 27/51 MP: 5/5
  3591 | D:5      | Entered Level 5 of the Dungeon
  3638 | D:5      | Reached skill level 1 in Evocations
  3656 | D:5      | Reached XP level 7. HP: 30/57 MP: 6/6
  3703 | D:5      | Found a sand-covered staircase.
  3708 | Ossuary  | Entered an ossuary
  4710 | D:5      | Found a shimmering blue altar of Sif Muna.
  4710 | D:5      | Found a broken altar of Ashenzari.
  4710 | D:5      | Found a snail-covered altar of Cheibriados.
  4711 | D:5      | Found a burning altar of Makhleb.
  5266 | D:5      | Noticed Prince Ribbit
  5293 | D:5      | Killed Prince Ribbit
  5294 | D:5      | Reached skill level 5 in Throwing
  5294 | D:5      | Reached skill level 5 in Unarmed Combat
  5294 | D:5      | Reached XP level 8. HP: 30/63 MP: 7/7
  5957 | D:6      | Noticed Pikel
  5982 | D:5      | Killed Pikel
  6078 | D:6      | Found Opocur's Antique Armour Shop.
  6107 | D:6      | Reached skill level 5 in Dodging
  6238 | D:6      | Reached skill level 5 in Evocations
  6337 | D:6      | Reached XP level 9. HP: 60/69 MP: 8/8
  6428 | D:6      | Noticed Maggie
  6436 | D:6      | Killed Maggie
  6437 | D:6      | Reached skill level 5 in Armour
  7056 | D:7      | You fall into a shaft and drop 2 floors!
  7074 | D:9      | Found a stormy altar of Qazlal.
  7377 | D:8      | Found a staircase to the Lair.
  7383 | D:8      | Noticed a +0 dagger
  7393 | Lair:1   | Entered Level 1 of the Lair of Beasts
  7401 | D:8      | Noticed a two-headed ogre
  7425 | D:8      | Killed a two-headed ogre
  7426 | D:8      | Reached skill level 7 in Unarmed Combat
  7588 | D:8      | Reached XP level 10. HP: 71/78 MP: 9/9
  7601 | D:8      | Reached skill level 8 in Unarmed Combat
  7820 | D:7      | Found Xetatz's Assorted Antiques.
  7879 | D:7      | Slain by an orc warrior

Illustrated notes

Levels and vault maps discovered:
D:1:      amcnicky_arrival_abandoned_market, layout_basic
D:2:      layout_basic, elyvilon_altar_4, ebering_dispersal_statue_hall
D:3:      layout_rooms
D:4:      wander_river, layout_basic, kennysheep_generic_room_7
D:5:      layout_basic, chequers_temple_overflow_statue_of_worship,
          enter_ossuary_5, minmay_misc_feat_cross, uniq_prince_ribbit1
D:6:      layout_gridville, serial_shops, nicolae_shop_statue_plus, uniq_pikel,
          uniq_maggie
D:7:      layout_gridville, minmay_temple_entry_wispy, serial_shops,
          nicolae_shop_crystal, st_stairs_1, minmay_misc_feat_columns,
          dk_noncrumbling_3, nzn_random_ring
D:8:      layout_rooms, dancing_weapons_uskayaw, lair_entry_dummy, serial_shops,
          kennysheep_mini
D:9:      layout_irregular_city, nrook_uturn, nicolae_qazlal_general_emergency
Lair:1:   layout_regular_city, minmay_lair_oklob_chamber, serial_bayou_shore_a,
          lemuel_fruit_tree, grunt_megastairs_1, serial_bayou_shore_b

Skill      XL: |  1  2  3  4  5  6  7  8  9 10 |
---------------+-------------------------------+-----
Throwing       | 2 3 4 5 |  5.0
Armour         | 1 2 3 4 5 |  5.0
Dodging        | 3 4 5 7 |  7.4
Fighting       | 3 4 |  4.0
Unarmed Combat | 4 5 7 8 |  8.2
Evocations     | 1 3 5 |  5.0

Action                   |  1- 3 |  4- 6 |  7- 9 | 10-12 || total
-------------------------+-------+-------+-------+-------++-------
Melee: Unarmed           |    67 |   120 |   354 |    68 ||   609
       Punch             |     3 |     2 |    15 |     4 ||    24
Throw: Boomerang         |       |    10 |    12 |       ||    22
       Throwing net      |       |     4 |     1 |       ||     5
       Dart              |       |       |    10 |       ||    10
Evoke: Wand              |       |       |     2 |       ||     2
  Use: Scroll            |       |     6 |     9 |       ||    15
       Potion            |       |       |     6 |     1 ||     7
 Stab: Held in net/web   |       |     2 |       |       ||     2
Armor: Scale mail        |    21 |    36 |    86 |       ||   143
       Leather armour    |     3 |       |       |       ||     3
       Steam dragon scal |       |       |    68 |    35 ||   103
Dodge: Dodged            |    47 |    57 |   269 |    69 ||   442
